 Dungeon Sprint DCSS version 0.29-a0-723-gce39da1c22 (webtiles) character file.

Game seed: 7039937893705227721

841 Hipnos the Thaumaturge (level 8, -3/58 HPs)
             Began as a Djinni Ice Elementalist on June 28, 2022.
             Slain by a flying skull (8 damage)
             ... in the Dungeon (Sprint II: "The Violet Keep of Menkaure").
             The game lasted 00:04:25 (646 turns).

Hipnos the Thaumaturge (Djinni Ice Elementalist)     Turns: 646, Time: 00:04:27

Health: -3/58      AC: 11    Str:  7    XL:     8   Next: 19%
Gold:   486        EV: 13    Int: 20    God:
                   SH:  0    Dex: 13

rFire   + + .      SeeInvis .   (no weapon)
rCold   x . .      Faith    .   (no shield)
rNeg    . . .      Spirit   .   a - +0 robe
rPois   ∞          Reflect  .   (no helmet)
rElec   .          Harm     .   (no cloak)
rCorr   .          Rampage  .   (no gloves)
Will    .....      NoTele   +   (boots unavailable)
Stlth   ++........              (no amulet)
HPRegen 0.19/turn               (no ring)
MPRegen 0.00/turn               (no ring)

@: ice-armoured, freezing walls, flying
A: sickness immunity, fire resistance 2, cold vulnerability 1, float, innate
caster, HP casting, extra vitality 1
a: no special abilities


You were in the Dungeon.
You visited 1 branch You collected 486 gold pieces.

Inventory:

Armour
 a - a +0 robe (worn)
Scrolls
 f - a scroll of blinking
Potions
 b - a potion of curing
 d - a potion of haste
 e - a potion of berserk rage


   Skills:
 * Level 4.7 Fighting
 + Level 3.9 Dodging
 + Level 2.5 Stealth
 * Level 12.5 Spellcasting


You had 15 spell levels left.
You knew the following spells:

 Your Spells              Type           Power      Damage    Failure   Level
a - Freeze                Ice            100%       1d11      1%          1
b - Frozen Ramparts       Ice            100%       1d12      1%          3
c - Ozocubu's Armour      Ice            58%        N/A       1%          3
d - Hailstorm             Conj/Ice       58%        3d13      1%          4
e - Summon Small Mammal   Summ           100%       N/A       1%          1
f - Poisonous Vapours     Pois/Air       100%       N/A       1%          2
g - Summon Guardian Gole  Hex/Summ       58%        N/A       1%          3
Your spell library was empty.

Dungeon Overview and Level Annotations

Branches:
Dungeon (1/1)

Altars:

Shops:
D !*?=[?

Annotations:
D Kirke


Innate Abilities, Weirdness & Mutations

You are immune to sickness and miasma.
You are immune to poison.
Your flesh is very heat resistant. (rF++)
You are vulnerable to cold. (rC-)
You float through the air rather than walking.
You learn spells naturally, not from books.
Your magical power is your life essence.
You have superior vitality. (+4 MHP)


Message History

You feel clever.
Casting: Hailstorm (safe; 1% risk of failure)
Confirm with . or Enter, or press ? or * to list all spells.
Casting: Hailstorm (safe; 1% risk of failure)
Press: ? - help, Dir - look around, f - activate A cannonade of hail descends around you!
The hail pelts the flying skull.
The flying skull partially resists.
The flying skull is moderately damaged.
The hail pelts the soul eater!
The soul eater partially resists.
The soul eater is moderately wounded.
The hail pelts the crimson imp!!
The crimson imp is frozen!
You kill the crimson imp!
The crimson imp disappears in a puff of smoke!
The hail pelts the flying skull!
The flying skull partially resists.
The flying skull is severely damaged.
The hail pelts the flying skull.
The flying skull partially resists.
The flying skull is almost destroyed.
The hail pelts the flying skull!
The flying skull partially resists.
You destroy the flying skull!
The hail pelts the flying skull.
The flying skull partially resists.
You destroy the flying skull!
The hail pelts the flying skull!
The flying skull partially resists.
You destroy the flying skull!
The hail pelts the flying skull!
The flying skull partially resists.
The flying skull is moderately damaged.
The flying skull resists.
The wall freezes the flying skull.
You destroy the flying skull!
The flying skull hits you.
The flying skull resists.
The wall freezes the flying skull.
The flying skull hits you but does no damage.
The flying skull resists.
The wall freezes the flying skull.
The flying skull resists.
The wall freezes the flying skull.
The flying skull hits you but does no damage.
The skeletal warrior resists.
The wall freezes the skeletal warrior.
The skeletal warrior hits you with a +2 dire flail!!
* * * LOW HITPOINT WARNING * * *
Kirke is engulfed in dark miasma.
Kirke is poisoned.
The wall freezes Kirke.
Kirke hits you but does no damage.
The flying skull resists.
The wall freezes the flying skull.
The flying skull hits you!
You die...

####+#### ##....○○○##
##.○○°○○○○.## #
+°..°°○○○...# ..###
..°○○○...#
cYK≈##.z○zz..
#####≈§#czz#+++##
####≈≈≈zz@z.....#
...#≈≈≈3@##'##..#
...#≈≈≈≈##.#.##.####
∩..#≈≈≈≈#..#..#....#
.∩.#≈≈#####.#####..##
∩.∩#≈##. #'###.##..#
.∩.#≈#.B.##.##...#..#
..∩+ #+.<.')#.'..#
...
#.B$##.##...#§...#


You could see Kirke (poisoned), a yaktaur captain, an elephant, a skeletal
warrior, a soul eater (summoned), a centaur warrior, a kobold demonologist and 7
flying skulls.

Vanquished Creatures
  A merfolk siren (D)
  5 flying skulls (D)
  Menkaure (D)
  4 scorpions (D)
11 creatures vanquished.

Vanquished Creatures (others)
  A water moccasin (D)
1 creature vanquished.

Grand Total: 12 creatures vanquished

Notes
Turn   | Place    | Note
-------+----------+-------------------------------------------
     0 | D        | Hipnos the Djinni Ice Elementalist began the quest for the
                  | Orb.
     0 | D        | Hipnos set off with the following spells memorised: Freeze,
                  | Frozen Ramparts, Ozocubu's Armour, Hailstorm.
     0 | D        | Reached XP level 1. HP: 15/15 MP: 0/0
     1 | D        | Noticed a boulder beetle
     1 | D        | Noticed a boulder beetle
     5 | D        | Noticed a wyvern
     5 | D        | Noticed a wyvern
     9 | D        | Noticed a scorpion
     9 | D        | Noticed a scorpion
    14 | D        | Killed a scorpion
    15 | D        | Reached skill level 6 in Spellcasting
    15 | D        | Reached XP level 2. HP: 16/21 MP: 0/0
    15 | D        | Reached XP level 3. HP: 19/25 MP: 0/0
    15 | D        | Learned a level 1 spell: Summon Small Mammal
    15 | D        | Reached XP level 4. HP: 24/31 MP: 0/0
    18 | D        | Killed a scorpion
    19 | D        | Reached skill level 7 in Spellcasting
    19 | D        | Reached XP level 5. HP: 17/35 MP: 0/0
    19 | D        | Learned a level 2 spell: Poisonous Vapours
    44 | D        | Killed a water moccasin
   184 | D        | Reached skill level 9 in Spellcasting
   184 | D        | Reached XP level 6. HP: 23/43 MP: 0/0
   331 | D        | Noticed a merfolk siren
   335 | D        | Killed a merfolk siren
   336 | D        | Reached skill level 11 in Spellcasting
   336 | D        | Reached XP level 7. HP: 36/51 MP: 0/0
   336 | D        | Learned a level 3 spell: Summon Guardian Golem
   442 | D        | Noticed a flying skull
   442 | D        | Noticed a flying skull
   442 | D        | Noticed a flying skull
   442 | D        | Noticed a flying skull
   442 | D        | Noticed a flying skull
   442 | D        | Noticed a flying skull
   442 | D        | Noticed a flying skull
   443 | D        | Noticed a flying skull
   443 | D        | Noticed a flying skull
   443 | D        | Noticed Menkaure
   444 | D        | Noticed a flying skull
   444 | D        | Noticed a flying skull
   444 | D        | Noticed a flying skull
   450 | D        | Killed Menkaure
   451 | D        | Reached skill level 12 in Spellcasting
   636 | D        | Found Xeres's Armour Shoppe.
   636 | D        | Found Ecriviem's Magic Scroll Emporium.
   636 | D        | Noticed Kirke
   636 | D        | Noticed a yaktaur captain
   636 | D        | Noticed a skeletal warrior
   637 | D        | Found Emonishu's Magic Scroll Emporium.
   637 | D        | Found Nofrou Weadd's Jewellery Shoppe.
   637 | D        | Noticed a centaur warrior
   638 | D        | Found Uhumyena's Distillery.
   638 | D        | Found Numuluus's General Store.
   640 | D        | Noticed a kobold demonologist
   641 | D        | Noticed an elephant
   643 | D        | Noticed a lindwurm
   645 | D        | Noticed a soul eater
   645 | D        | Killed a flying skull
   646 | D        | Reached XP level 8. HP: 34/58 MP: 0/0
   646 | D        | Killed a flying skull
   646 | D        | Killed a flying skull
   646 | D        | Killed a flying skull
   646 | D        | Killed a flying skull
   646 | D        | Slain by a flying skull

Illustrated notes

Levels and vault maps discovered:
D:        the_violet_keep_of_menkaure [sprint2_stairs_cluster_1,
          sprint2_shoproom, sprint2_temple, sprint2_basic_supplies,
          sprint2_obstacle_5, sprint2_obstacle_7, sprint2_obstacle_1,
          sprint2_obstacle_4, sprint2_obstacle_6, sprint2_timed_cluster_1,
          sprint2_smallroom_cluster_1, sprint2_smallroom_final_cluster_1,
          sprint2_transparent_cluster_1, sprint2_second_timed_cluster_1,
          sprint2_sniper_area_1, sprint2_heavy_combat_area_1,
          sprint2_mutation_trap_area_1, sprint2_forest_area_1,
          sprint2_light_combat_area_1, sprint2_behind_water_1,
          sprint2_near_end_vault_1]

Skill      XL: |  1  2  3  4  5  6  7 |
---------------+----------------------+-----
Spellcasting   | 6 7 9 11 12 | 12.5
Dodging        | 3 |  3.9
Stealth        | 2 |  2.5
Fighting       | 2 3 4 |  4.7

Action                   |  1- 3 |  4- 6 |  7- 9 || total
-------------------------+-------+-------+-------++-------
 Cast: Freeze            |     4 |     7 |     4 ||    15
       Ozocubu's Armour  |       |     2 |     2 ||     4
       Frozen Ramparts   |       |     2 |     2 ||     4
       Hailstorm         |       |     2 |     2 ||     4
       Summon Guardian G |       |       |     1 ||     1
       Poisonous Vapours |       |       |     1 ||     1
  Use: Potion            |       |       |     1 ||     1
Armor: Robe              |       |     4 |     4 ||     8
Dodge: Dodged            |     4 |     6 |     2 ||    12

Table legend: (Time is in decaauts)
 A = Elapsed time spent in this place.
 B = Non-inter-level travel time spent in this place.
 C = Inter-level travel time spent in this place.
 D = Time resting spent in this place.
 E = Time spent auto-exploring this place.
 F = Levels seen in this place.
 G = Mean time per level.
                   A        B        C        D        E       F      G
               +--------+--------+--------+--------+--------+-----+--------+
         Total |    646 |    646 |      0 |    544 |      5 |   1 |  646.0 |
       Dungeon |    646 |    646 |      0 |    544 |      5 |   1 |  646.0 |
               +--------+--------+--------+--------+--------+-----+--------+

Top non-repeatable levels by time:
       D: 646 daAuts
